 Dungeon Crawl Stone Soup version 0.20-a0-2-g2b0e13a (webtiles) character file.

697 Kaname the Stinger (level 7, -4/46 HPs)
             Began as a Demonspawn Venom Mage on Oct 30, 2016.
             Slain by a worker ant (5 damage)
             ... on level 4 of the Dungeon.
             The game lasted 00:12:25 (4682 turns).

Kaname the Stinger (Demonspawn Venom Mage)          Turns: 4682, Time: 00:12:26

Health: -4/46      AC:  5    Str:  9    XL:     7   Next: 38%
Magic:  0/10       EV: 12    Int: 18    God:
Gold:   138        SH:  0    Dex: 13    Spells: 3 memorised, 2 levels left

rFire  + . .     SeeInvis .     y - +0 trident
rCold  x . .     Gourm    .     a - +0 robe
rNeg   . . .     Faith    .     (no shield)
rPois  .         Spirit   +     (no helmet)
rElec  .         Reflect  .     (no cloak)
rCorr  .         Harm     +     B - +0 pair of gloves
MR     .....                    (no boots)
Stlth  ..........               g - amulet of harm
                                l - ring of fire
                                f - ring of loudness (curse)

@: lethally poisoned (-4 -> -9)
A: hooves 2, slimy green scales 1, magic shield, magic regeneration
a: no special abilities


You were on level 4 of the Dungeon.
You were not hungry.

You visited 1 branch of the dungeon, and saw 4 of its levels.

You collected 138 gold pieces.

Inventory:

Hand Weapons
 i - a +0 blowgun
 y - a +0 trident (weapon)
 C - a +0 hunting sling
 D - a +1 antimagic short sword
Missiles
 A - 9 poisoned needles
Armour
 a - a +0 robe (worn)
 B - a +0 pair of gloves (worn)
Jewellery
 f - a cursed ring of loudness (left hand)
 g - an amulet of harm (around neck)
 h - an uncursed amulet of regeneration {unknown}
 l - a ring of fire (right hand)
Scrolls
 e - 4 scrolls of magic mapping
 n - a scroll of amnesia
 o - a scroll of remove curse {unknown}
 r - 2 scrolls of recharging
 s - 2 scrolls of random uselessness {unknown}
 t - 3 scrolls of noise
 u - 2 scrolls of enchant weapon {unknown}
 v - a scroll of teleportation {unknown}
 E - a scroll of fear {unknown}
Potions
 d - a potion of curing
 j - a potion of lignification
 k - a potion of mutation {unknown}
 p - a potion of cancellation {unknown}
 q - a potion of magic {unknown}
 z - a potion of invisibility {unknown}
Books
 b - a Young Poisoner's Handbook

   Spells                             Type                      Level
   a - Sting                          Conjuration/Poison           1
   b - Mephitic Cloud                 Conjuration/Poison/Air       3
   c - Olgreb's Toxic Radiance        Poison                       4
   d - Alistair's Intoxication        Transmutation/Poison         5
   e - Venom Bolt                     Conjuration/Poison           5
Comestibles
 c - 3 bread rations
 m - 2 meat rations
 w - a royal jelly
 x - 3 fruits


   Skills:
 - Level 1.7 Dodging
 - Level 1.7 Stealth
 - Level 2.0 Spellcasting
 - Level 4.2 Conjurations
 - Level 3.3 Air Magic
 + Level 6.8 Poison Magic


You had 2 spell levels left.
You knew the following spells:

 Your Spells              Type           Power        Failure   Level  Hunger
a - Sting                 Conj/Pois      ###.         1%          1    #......
b - Mephitic Cloud        Conj/Pois/Air  ###.....     10%         3    ###....
c - Olgreb's Toxic Radia  Pois           ####....     14%         4    #####..


Dungeon Overview and Level Annotations

Branches:
Dungeon (4/15)
 Temple: D:4-7

Altars:
Trog


Innate Abilities, Weirdness & Mutations

You have hoof-like feet.
You are partially covered in slimy green scales. (AC +2)
When hurt, damage is shared between your health and your magic reserves.
You regenerate magic rapidly.


Message History

The worker ant misses you.
The worker ant bites you but does no damage.
You feel sick.
The worker ant bites you but does no damage.
The worker ant closely misses you.
The worker ant bites you but does no damage.
The worker ant barely misses you. The worker ant bites you.
* * * LOW HITPOINT WARNING * * *
You are lethally poisoned!
The worker ant poisons you!
* * * LOW HITPOINT WARNING * * *
You feel sick. The worker ant barely misses you.
* * * LOW HITPOINT WARNING * * *
You feel sick. The worker ant bites you.
* * * LOW HITPOINT WARNING * * *
* * * LOW HITPOINT WARNING * * *
You feel sick. The worker ant closely misses you. The worker ant bites you!
You die...

.# .# ..#
..# ...#
###...###
#........
###@###...
#..a.......
#.##.###...
#.##.#
#.<#.#
#..#.#
#..#.#
####.#


You could see a worker ant.

Vanquished Creatures
  Sigmund (D:2)
  2 eyes of draining (D:3)
  The ghost of reaperXD the Insei, an amateur OpMo (D:3)
  An orc wizard (D:3)
  Jessica (D:2)
  Natasha (thrice) (D:2)
  6 adders
  2 oozes
  3 worms
  2 dart slugs
  A leopard gecko (D:3)
  4 orcs (D:3)
  4 giant cockroaches
  16 goblins
  11 hobgoblins
  2 jackals (D:3)
  10 bats
  6 frilled lizards
  14 kobolds
  8 rats
98 creatures vanquished.

Notes
Turn   | Place    | Note
-------+----------+-------------------------------------------
     0 | D:1      | Kaname the Demonspawn Venom Mage began the quest for the Orb.
     0 | D:1      | Reached XP level 1. HP: 13/13 MP: 3/3
    96 | D:1      | Reached skill level 1 in Conjurations
   394 | D:1      | Gained mutation: You have large cloven feet. [demonic ancestry]
   394 | D:1      | Reached XP level 2. HP: 19/19 MP: 1/5
   855 | D:1      | Gained mutation: When hurt, damage is shared between your health and your magic reserves. [demonic ancestry]
   855 | D:1      | Reached XP level 3. HP: 22/24 MP: 2/6
  1732 | D:2      | HP: 1/24 [adder (4)]
  1740 | D:2      | Reached XP level 4. HP: 12/30 MP: 0/7
  1962 | D:2      | Noticed Jessica
  1968 | D:2      | Learned a level 3 spell: Mephitic Cloud
  1970 | D:2      | Killed Jessica
  2025 | D:2      | Noticed Sigmund
  2057 | D:2      | HP: 1/45 [Sigmund/scythe (12)]
  2059 | D:2      | Killed Sigmund
  2059 | D:2      | Gained mutation: You have hoof-like feet. [demonic ancestry]
  2059 | D:2      | Reached XP level 5. HP: 1/35 MP: 0/8
  2368 | D:2      | Gained mutation: You regenerate magic rapidly. [demonic ancestry]
  2368 | D:2      | Reached XP level 6. HP: 41/41 MP: 9/9
  2618 | D:2      | Noticed Natasha
  2628 | D:2      | Killed Natasha
  3004 | D:2      | Noticed Natasha
  3007 | D:2      | Killed Natasha
  3191 | D:2      | Noticed Natasha
  3200 | D:2      | Killed Natasha
  3308 | D:3      | Noticed reaperXD's ghost (amateur OpMo)
  3581 | D:3      | Killed reaperXD's ghost
  3581 | D:3      | Reached skill level 5 in Poison Magic
  3773 | D:3      | Learned a level 4 spell: Olgreb's Toxic Radiance
  4429 | D:3      | Reached skill level 6 in Poison Magic
  4429 | D:3      | Gained mutation: You are partially covered in slimy green scales. (AC +2) [demonic ancestry]
  4429 | D:3      | Reached XP level 7. HP: 46/46 MP: 0/10
  4449 | D:3      | Found a bloodstained altar of Trog.
  4680 | D:4      | HP: 2/46 [worker ant (2)]
  4682 | D:4      | Slain by a worker ant

Vault maps used:
D:1:      matt_arrival_grand_opening
D:2:      minmay_goblin_kobold_house, uniq_jessica, uniq_natasha, uniq_sigmund
D:3:      trog_eyes_of_draining, first_bread, nrook_mini_backslash
D:4:      vehumet_statue, grunt_temple_overflow_open, uniq_grinder, uniq_duvessa

Skill      XL: |  1  2  3  4  5  6 |
---------------+-------------------+-----
Conjurations   | 1 2 3 4 |  4.2
Air Magic      | 3 |  3.3
Poison Magic   | 6 |  6.8
Dodging        | |  1.7
Stealth        | |  1.7
Spellcasting   | |  2.0

Action                   |  1- 3 |  4- 6 |  7- 9 || total
-------------------------+-------+-------+-------++-------
Melee: Unarmed           |    10 |       |       ||    10
       Spear             |    80 |    60 |       ||   140
       Short sword       |    11 |       |       ||    11
       Kick              |    14 |    27 |    10 ||    51
       Dagger            |     6 |       |       ||     6
       Trident           |       |   101 |    32 ||   133
 Cast: Sting             |    47 |    44 |     8 ||    99
       Mephitic Cloud    |       |     1 |       ||     1
  Use: Potion            |     2 |     2 |       ||     4
       Scroll            |       |     5 |       ||     5
 Stab: Sleeping          |     8 |     2 |       ||    10
       Confused          |       |     1 |       ||     1
  Eat: Chunk             |     3 |     9 |     2 ||    14
Armor: Robe              |    17 |    26 |     5 ||    48
       Skin              |       |     2 |       ||     2
Dodge: Dodged            |    62 |    95 |    21 ||   178
